 Dungeon Sprint DCSS version 0.17-a0-1718-g72dbe4d (webtiles) character file.

5035 Kidiri the Blocker (level 10, -10/94 HPs)
             Began as a Minotaur Fighter on Aug 24, 2015.
             Was an Elder of Okawaru.
             Mangled by a vampire knight
             ... wielding a +0 battleaxe
              (15 damage)
             ... while paralysed by something
             ... in the Dungeon (Sprint VII: "The Pits").
             The game lasted 00:07:34 (1645 turns).

Kidiri the Blocker (Minotaur Fighter)               Turns: 1645, Time: 00:07:34

Health: -10/94     AC: 20    Str: 24    XL:     10   Next: 30%
Magic:  15/15      EV:  2    Int:  5    God:    Okawaru [****..]
Gold:   0          SH:  0    Dex: 10    Spells: 0 memorised, 9 levels left

rFire  . . .     SeeInvis .     a - +2 war axe (chop)
rCold  . . .     Clarity  .     c - +4 chain mail
rNeg   . . .     SustAt   .     d - +0 shield
rPois  .         Gourm    .     (helmet restricted)
rElec  .         Spirit   .     (no cloak)
rCorr  .         Warding  .     e - +0 pair of gloves
rMut   .         NoTele   +     (no boots)
MR     .....                    (no amulet)
Stlth  ..........               (no ring)
                                (no ring)

@: paralysed, heroism, very slightly contaminated, hasted, not resistant to
hostile enchantments, extremely unstealthy
A: retaliatory headbutt, horns 2
a: Heroism, Renounce Religion


You were in the Dungeon.
You worshipped Okawaru.
Okawaru was greatly pleased with you.
You were not hungry.

You visited 1 branch

Inventory:

Hand weapons
 a - a +2 war axe of chopping (weapon)
 b - a +1 flail of protection
Armour
 c - a +4 chain mail (worn)
 d - a +0 shield (worn)
 e - a +0 pair of gloves (worn)
Jewellery
 t - a +3 ring of strength
 v - a +3 ring of protection
Scrolls
 o - 3 scrolls of remove curse
 p - 5 scrolls of amnesia
 q - a scroll of summoning
Potions
 f - 8 potions of curing
 h - a potion of haste
 i - 4 potions of magic
 j - 3 potions of berserk rage
 n - 2 potions of invisibility
 r - a potion of might
 u - 2 potions of agility
 w - 2 potions of brilliance
 x - a potion of resistance
Comestibles
 l - 40 fruits
 m - 7 meat rations
 y - 7 bread rations


   Skills:
 + Level 10.5(15.5) Fighting
 * Level 13.7(18.7) Axes
 * Level 13.9(18.9) Armour
 + Level 9.1(14.1) Dodging
 * Level 13.9(18.9) Shields
 + Level 8.2 Invocations


You had 9 spell levels left.
You didn't know any spells.

Dungeon Overview and Level Annotations

Branches:
Dungeon (1/1)

Altars:
Ashenzari
Cheibriados
Dithmenos
Elyvilon
Fedhas
Gozag
Kikubaaqudgha
Makhleb
Nemelex Xobeh
Okawaru
Qazlal
Ru
Sif Muna
Trog
Vehumet
Xom
Yredelemnul
Zin
The Shining One
Beogh
Jiyva
Lugonu


Innate Abilities, Weirdness & Mutations

You reflexively headbutt those who attack you in melee.
You have a pair of horns on your head.


Message History

You hit the chaos spawn. Your headbutt misses the chaos spawn.
The chaos spawn is moderately wounded.
You barely miss the fire drake.
The fire drake is almost dead.
The fire drake bites you but does no damage.
Unknown command.
You slash the chaos spawn!
The chaos spawn is severely wounded.
You hit the fire drake.
You kill the fire drake!
Okawaru is honoured by your kill.
You hit something but do no damage.
The snapping turtle bites you from afar.
* * * LOW HITPOINT WARNING * * *
You block the chaos spawn's attack.
You block the alligator snapping turtle's attack.
You hear some strange, mumbled words.
You suddenly lose the ability to move!
Something hits you!
You die...

##''######
##''################ ####
##..#..............###..#
##..##......(.......#%§#
##..####...#+######...##
##..#..#####.##...##'##
##..#....##...#...#t..#
##..'.....#..h#..t#...#..
##..'.))..'..h3.@t'...'..
##..'.....#..h#...#...#.
##..#....##...#...#...#.
##..#..#####.##...##+## #
##..####...#+######...##
##..##..............#..##
##..#......÷...%...###..#
#################### ####


You could see an alligator snapping turtle, a snapping turtle, a chaos spawn and
3 wolves.

Vanquished Creatures
  An unseen horror (D)
  A phantasmal warrior (D)
  A shadow wraith (D)
  A flayed ghost (D)
  A griffon (D)
  A molten gargoyle (D)
  An orange demon (D)
  A fire drake (D)
  A hellwing (D)
  A spriggan (D)
  Sigmund (D)
  A basilisk (D)
  2 water moccasins (D)
  A porcupine (D)
  2 mottled dragons (D)
  A phantom (D)
  2 ogres (D)
  A necrophage (D)
  A brain worm (D)
  A gnoll sergeant (D)
  2 jellies (D)
  2 hell rats (D)
  6 sheep (D)
  5 gnolls (D)
  A white imp (D)
  An ooze (D)
  An adder skeleton (D)
  A worm (D)
  A ball python (D)
  10 jackals (D)
  A quokka (D)
  A giant cockroach zombie (D)
  A giant gecko (D)
  A giant newt (D)
  A goblin (D)
  A jackal skeleton (D)
  A jackal zombie (D)
  A rat (D)
61 creatures vanquished.

Notes
Turn   | Place    | Note
--------------------------------------------------------------
     0 | D        | Kidiri the Minotaur Fighter began the quest for the Orb.
     0 | D        | Reached XP level 1. HP: 19/19 MP: 0/0
    28 | D        | Reached skill level 4 in Armour
    62 | D        | Found a sacrificial altar of Ru.
    62 | D        | Found a basalt altar of Yredelemnul.
    62 | D        | Found a shadowy altar of Dithmenos.
    62 | D        | Found a deep blue altar of Sif Muna.
    62 | D        | Found a burning altar of Makhleb.
    62 | D        | Found a shimmering altar of Xom.
    62 | D        | Found an ancient bone altar of Kikubaaqudgha.
    62 | D        | Found a sparkling altar of Nemelex Xobeh.
    63 | D        | Found a glowing golden altar of the Shining One.
    63 | D        | Found a bloodstained altar of Trog.
    63 | D        | Found a shattered altar of Ashenzari.
    63 | D        | Found a white marble altar of Elyvilon.
    63 | D        | Found a snail-covered altar of Cheibriados.
    63 | D        | Found a blossoming altar of Fedhas.
    63 | D        | Found a radiant altar of Vehumet.
    63 | D        | Found a glowing silver altar of Zin.
    63 | D        | Found a corrupted altar of Lugonu.
    63 | D        | Found a viscous altar of Jiyva.
    63 | D        | Found a roughly hewn altar of Beogh.
    63 | D        | Found an iron altar of Okawaru.
    69 | D        | Found a stormy altar of Qazlal.
    70 | D        | Found an opulent altar of Gozag.
    72 | D        | Became a worshipper of Warmaster Okawaru
   138 | D        | Reached skill level 1 in Invocations
   138 | D        | Reached XP level 2. HP: 27/27 MP: 1/1
   141 | D        | Noticed a jelly
   144 | D        | Killed a jelly
   144 | D        | Reached skill level 5 in Armour
   144 | D        | Reached skill level 1 in Dodging
   144 | D        | Reached skill level 5 in Shields
   144 | D        | Reached XP level 3. HP: 31/33 MP: 1/3
   246 | D        | Noticed a gnoll sergeant
   247 | D        | Noticed an ogre
   247 | D        | Noticed a brain worm
   266 | D        | Killed an ogre
   266 | D        | Acquired Okawaru's first power
   266 | D        | Reached skill level 5 in Fighting
   266 | D        | Reached skill level 6 in Axes
   266 | D        | Reached XP level 4. HP: 11/42 MP: 3/5
   266 | D        | Reached XP level 5. HP: 12/48 MP: 3/6
   273 | D        | Killed a brain worm
   273 | D        | Reached skill level 7 in Axes
   291 | D        | Killed a gnoll sergeant
   291 | D        | Reached skill level 8 in Armour
   291 | D        | Reached XP level 6. HP: 42/57 MP: 3/8
   335 | D        | Noticed an ogre
   340 | D        | Killed an ogre
   340 | D        | Reached skill level 9 in Armour
   358 | D        | Killed an unseen horror
   358 | D        | Reached skill level 10 in Axes
   358 | D        | Reached skill level 10 in Armour
   358 | D        | Reached skill level 10 in Shields
   358 | D        | Reached skill level 5 in Invocations
   358 | D        | Reached XP level 7. HP: 27/66 MP: 8/10
   544 | D        | Noticed a water moccasin
   544 | D        | Noticed a jelly
   544 | D        | Noticed a porcupine
   547 | D        | Killed a porcupine
   547 | D        | Reached XP level 8. HP: 69/74 MP: 8/11
   551 | D        | Killed a water moccasin
   553 | D        | Killed a jelly
   602 | D        | Noticed a molten gargoyle
   618 | D        | Killed a molten gargoyle
   618 | D        | Reached skill level 11 in Axes
   896 | D        | Noticed a spriggan
   896 | D        | Noticed Sigmund
   896 | D        | Noticed a hellwing
   901 | D        | Killed a spriggan
   908 | D        | Killed Sigmund
   909 | D        | Killed a hellwing
   909 | D        | Reached skill level 12 in Shields
   909 | D        | Reached XP level 9. HP: 79/83 MP: 11/13
   943 | D        | Noticed a phantom
   943 | D        | Noticed an orange demon
   944 | D        | Noticed a griffon
   950 | D        | Killed a phantom
   954 | D        | Killed a griffon
   957 | D        | Noticed a mottled dragon
   959 | D        | Killed an orange demon
   961 | D        | Noticed a hell rat
   962 | D        | Killed a mottled dragon
   970 | D        | Killed a hell rat
  1211 | D        | Noticed a flayed ghost
  1211 | D        | Noticed a water moccasin
  1212 | D        | Noticed a basilisk
  1212 | D        | Noticed a necrophage
  1214 | D        | Killed a necrophage
  1224 | D        | Killed a flayed ghost
  1224 | D        | Reached skill level 13 in Armour
  1224 | D        | Killed a shadow wraith
  1224 | D        | Received a gift from Okawaru
  1224 | D        | Reached skill level 10 in Fighting
  1224 | D        | Reached XP level 10. HP: 26/93 MP: 12/14
  1225 | D        | Killed a water moccasin
  1226 | D        | Killed a basilisk
  1483 | D        | Noticed a hell rat
  1483 | D        | Noticed a mottled dragon
  1483 | D        | Noticed a phantasmal warrior
  1486 | D        | Killed a hell rat
  1491 | D        | Killed a mottled dragon
  1494 | D        | Killed a phantasmal warrior
  1607 | D        | Noticed a vampire knight
  1607 | D        | Noticed a snapping turtle
  1608 | D        | Noticed a chaos spawn
  1609 | D        | Paralysed by a vampire knight for 4 turns
  1621 | D        | HP: 3/94 [something (29)]
  1628 | D        | HP: 2/94 [something (14)]
  1635 | D        | Noticed a fire drake
  1635 | D        | Noticed an alligator snapping turtle
  1637 | D        | Noticed a wolf
  1638 | D        | Noticed a wolf
  1638 | D        | Noticed a wolf
  1643 | D        | Killed a fire drake
  1643 | D        | HP: 4/94 [snapping turtle (2)]
  1644 | D        | Paralysed by something for 5 turns
  1645 | D        | Mangled by a vampire knight

Vault maps used:
D:        pitsprint

Action                   |  1- 3 |  4- 6 |  7- 9 | 10-12 || total
-------------------------+-------+-------+-------+-------++-------
Melee: War axe           |    31 |    48 |    77 |    31 ||   187
Invok: Heroism           |       |     1 |     5 |     2 ||     8
  Use: Potion            |       |     1 |     1 |     7 ||     9
       Scroll            |       |       |       |     1 ||     1
  Eat: Bread ration      |       |       |     1 |       ||     1
